 Dungeon Crawl Stone Soup version 0.25-a0-503-ge281fa673e (webtiles) character file.

Game seed: 15342831197335186320, levelgen mode: deterministic

18799 Erk the Fighter (level 12, -10/110 HPs)
             Began as a Minotaur Fighter on Feb 13, 2020.
             Was a High Priest of Cheibriados.
             Engulfed by a cloud of freezing vapour (28 damage)
             ... in an ice cave.
             The game lasted 01:05:47 (12355 turns).

Erk the Fighter (Minotaur Fighter)                 Turns: 12355, Time: 01:05:48

Health: -10/110    AC: 12    Str: 37    XL:     12   Next: 30%
Magic:  15/15      EV: 16    Int: 17    God:    Cheibriados [*****.]
Gold:   383        SH: 22    Dex: 23    Spells: 11/11 levels left

rFire    . . .     SeeInvis .   a - +1 war axe (flame)
rCold    . . .     Gourm    .   t - +0 tower shield
rNeg     + + .     Faith    .   n - +2 ring mail of Enoaleuw {rElec rN++}
rPois    .         Spirit   .   (helmet restricted)
rElec    +         Reflect  .   s - +0 cloak
rCorr    +         Harm     .   A - +0 pair of gloves
MR       +....                  (no boots)
Stlth    +.........             (no amulet)
HPRegen  0.28/turn              m - ring of resist corrosion
MPRegen  0.14/turn              E - ring of protection from magic

@: very slow
A: retaliatory headbutt, horns 2
a: Bend Time, Temporal Distortion, Slouch, Step From Time, Renounce Religion


You were in an ice cave.
You worshipped Cheibriados.
Cheibriados was extremely pleased with you.
You were hungry.

You visited 3 branches of the dungeon, and saw 13 of its levels.
You also visited: Sewer, Ossuary and Ice Cave.

You collected 669 gold pieces.
You spent 286 gold pieces at shops.

Inventory:

Hand Weapons
 a - a +1 war axe of flaming (weapon)
 b - a +4 flail
 o - the +1 shortbow of Yeast {venom, rPois rC+ rN+ SInv}
   (You found it on level 9 of the Dungeon)

   It poisons the ammo it fires.
   It protects you from cold.
   It protects you from poison.
   It protects you from negative energy.
   It lets you see invisible.
 U - a +0 glaive
Missiles
 l - 15 boomerangs
 N - 21 poisoned darts (quivered)
Armour
 n - the +2 ring mail of Enoaleuw (worn) {rElec rN++}
   (You found it on level 8 of the Dungeon)

   It insulates you from electricity.
   It greatly protects you from negative energy.
   If you remove this armour, your AC will decrease by 9 (12 -> 3).
 s - a +0 cloak (worn)
 t - a +0 tower shield (worn)
 A - a +0 pair of gloves (worn)
 P - a +0 plate armour
Jewellery
 m - a ring of resist corrosion (left hand)
 E - a ring of protection from magic (right hand)
 R - an uncursed ring of protection from fire
 W - an uncursed amulet of rage
Wands
 c - a wand of polymorph (7)
 i - a wand of disintegration (19)
 w - a wand of iceblast (20)
 J - a wand of flame (22)
Scrolls
 e - 3 scrolls of random uselessness {unknown}
 g - 2 scrolls of amnesia
 h - a scroll of enchant weapon
 k - 3 scrolls of magic mapping
 r - 3 scrolls of remove curse
 x - 8 scrolls of teleportation
 y - a scroll of noise {unknown}
 B - 5 scrolls of fear
 C - 3 scrolls of brand weapon {unknown}
 D - 3 scrolls of immolation {unknown}
 G - 2 scrolls of blinking {unknown}
 H - 4 scrolls of enchant armour
 L - 4 scrolls of fog
 T - a scroll of silence {unknown}
 X - a scroll of vulnerability {unknown}
Potions
 d - 8 potions of might
 j - 2 potions of haste
 p - a potion of agility
 q - 10 potions of curing
 u - 2 potions of cancellation
 v - 2 potions of flight
 F - 6 potions of heal wounds
 I - 4 potions of brilliance
 K - a potion of mutation
 M - a potion of magic
 Q - 4 potions of lignification
 S - a potion of ambrosia
 Z - a potion of invisibility
Comestibles
 f - 24 rations


   Skills:
 + Level 11.3 Fighting
 - Level 6.1(8.6) Axes
 + Level 9.5(10.2) Maces & Flails
 + Level 11.3 Armour
 - Level 8.0 Dodging
 + Level 11.2 Shields
 - Level 6.0 Invocations


You had 11 spell levels left.
You didn't know any spells.
Your spell library contained the following spells:

 Spells                   Type           Power        Failure   Level  Hunger
 Beastly Appendage        Tmut           #.....       87%         1    ##.....
 Summon Small Mammal      Summ           #...         87%         1    ##.....
 Call Imp                 Summ           #.......     95%         2    ###....
 Sticks to Snakes         Tmut           #.......     95%         2    ###....
 Call Canine Familiar     Summ           #.......     99%         3    ####...
 Spider Form              Tmut/Pois      #.........   99%         3    ####...
 Summon Guardian Golem    Hex/Summ       #.......     99%         3    ####...
 Ice Form                 Ice/Tmut       #.......     100%        4    #####..
 Summon Ice Beast         Ice/Summ       #.......     100%        4    #####..
 Summon Lightning Spire   Summ/Air       #.......     100%        4    #####..
 Blade Hands              Tmut           #.........   100%        5    ######.


Dungeon Overview and Level Annotations

Branches:
Dungeon (10/15)            Temple (1/1) D:6            Lair (2/6) D:10
  Swamp (0/4) Lair:2          Orc (0/2) D:10          Sewer (visited)
Ossuary (visited)           IceCv (1/1)
  Snake: Lair:2-4    Spider: Lair:2-4

Altars:
Ashenzari
Cheibriados
Dithmenos
Elyvilon
Fedhas
Gozag
Hepliaklqana
Kikubaaqudgha
Makhleb
Nemelex Xobeh
Okawaru
Qazlal
Ru
Sif Muna
Trog
Uskayaw
Vehumet
Wu Jian
Xom
Yredelemnul
Zin
The Shining One

Shops:
D:9 *   D:10 [?!(

Annotations:
D:9 2 transporters, loom's ghost, novice GnSk IceCv exclusion: ice statue


Innate Abilities, Weirdness & Mutations

You reflexively headbutt those who attack you in melee.
You have a pair of horns on your head.


Message History

The ice statue gestures.
You hit the ice statue but do no damage.
You headbutt the ice statue.
The ice statue is almost destroyed.
The ice statue gestures at you. The freezing blast engulfs you!!
You slash the ice statue!
You melt the ice statue.
You destroy the ice statue!
Cheibriados appreciates the change of pace.
The ice beast disappears in a puff of smoke!
You are engulfed in freezing vapours.
You barely miss the ice beast. Your headbutt misses the ice beast.
You are engulfed in freezing vapours.
You block the ice beast's attack.
You slash the ice beast!
You melt the ice beast.
The ice beast is severely wounded.
You are engulfed in freezing vapours.
* * * LOW HITPOINT WARNING * * *
You block the ice beast's attack.
You are engulfed in freezing vapours.
You die...

#...............#
#...............#
#.......⌠.......#
#...............#
#...............#
#.....○.......#
#..°°○........#
#.@○Y.......#
##°#°....#8##
####...####
##...# #...##
#...## ##...#
##...## ##.....##


You could see an ice beast.

Vanquished Creatures
  Josephine (D:10)
  A hydra (D:9)
  Nergalle (Lair:1)
  An unseen horror (D:10)
  Pikel (D:6)
  A deep elf mage (D:9)
  Joseph (D:7)
  An ice statue (IceCv)
  Maurice (D:8)
  A spiny frog (Lair:2)
  2 centaur skeletons (D:10)
  A gargoyle (D:10)
  2 komodo dragons (Lair:1)
  2 ice devils (IceCv)
  7 polar bears (Lair:2)
  Prince Ribbit (D:5)
  4 blink frogs (Lair:2)
  2 hippogriffs
  Sigmund (D:6)
  6 wraiths
  4 yaks (D:10)
  3 basilisks
  A hungry ghost (D:8)
  A wyvern (D:9)
  3 vampire mosquitoes
  3 water moccasins (Lair:1)
  Duvessa (D:8)
  6 porcupines
  9 black bears
  4 ice beasts
  A sky beast (D:9)
  6 orc warriors
  2 phantoms
  2 necrophages
  6 ogres
  A centaur (D:5)
  2 crocodiles (D:10)
  10 bullfrogs
  4 scorpions
  Dowan (D:8)
  A wyvern skeleton (D:7)
  5 killer bees (D:9)
  An electric eel (Lair:2)
  4 howler monkeys
  A centaur zombie (D:5)
  3 crimson imps
  5 hounds
  2 human zombies (Ossuary)
  6 jellies
  9 orc priests
  A bullfrog zombie (D:10)
  Ijyb (D:5)
  5 iguanas
  8 orc wizards
  8 worker ants
  A hound zombie (D:5)
  3 mummies (Ossuary)
  A worker ant zombie (D:8)
  A howler monkey skeleton (D:5)
  16 adders
  6 river rats
  4 shadow imps
  7 oozes
  An adder skeleton (D:7)
  5 worms
  3 dart slugs
  3 leopard geckos
  39 orcs
  12 ball pythons
  7 bats
  10 giant cockroaches
  5 goblins
  7 hobgoblins
  15 jackals
  8 quokkas
  3 frilled lizards
  3 goblin zombies (Ossuary)
  4 hobgoblin zombies (Ossuary)
  A jackal zombie (D:5)
  4 kobolds
  A kobold zombie (Ossuary)
  An orc zombie (Ossuary)
  3 quokka skeletons
  A quokka zombie (D:7)
  33 rats
  A plant (D:10)
377 creatures vanquished.

Vanquished Creatures (others)
  A jackal (D:6)
  2 fungi (D:10)
  2 plants (D:10)
5 creatures vanquished.

Grand Total: 382 creatures vanquished

Notes
Turn   | Place    | Note
-------+----------+-------------------------------------------
     0 | D:1      | Erk the Minotaur Fighter began the quest for the Orb.
     0 | D:1      | Reached XP level 1. HP: 19/19 MP: 0/0
    61 | D:1      | Reached XP level 2. HP: 21/27 MP: 1/1
   309 | D:1      | Reached skill level 1 in Dodging
   332 | D:1      | Reached XP level 3. HP: 30/33 MP: 2/2
  1273 | D:2      | Reached XP level 4. HP: 40/40 MP: 3/3
  1647 | D:3      | Noticed an ogre
  1692 | D:3      | Killed an ogre
  1692 | D:3      | Reached XP level 5. HP: 15/47 MP: 4/4
  1842 | D:3      | Found a hide-covered altar of Uskayaw.
  2182 | D:3      | Found a bloodstained altar of Trog.
  2622 | D:4      | Reached XP level 6. HP: 55/55 MP: 5/5
  2797 | D:4      | Reached skill level 5 in Fighting
  2874 | D:4      | Reached skill level 5 in Armour
  3004 | D:4      | Reached skill level 5 in Shields
  3205 | D:5      | Entered Level 5 of the Dungeon
  3307 | D:5      | Found a sand-covered staircase.
  3326 | Ossuary  | Entered an ossuary
  3326 | Ossuary  | Noticed a wraith
  3326 | Ossuary  | Noticed a wraith
  3326 | Ossuary  | Noticed a wraith
  3446 | Ossuary  | Reached XP level 7. HP: 55/61 MP: 6/6
  3701 | Ossuary  | Noticed a wraith
  3710 | Ossuary  | Killed a wraith
  3710 | Ossuary  | Reached skill level 5 in Maces & Flails
  3764 | D:5      | Noticed Prince Ribbit
  3787 | D:5      | Killed Prince Ribbit
  3787 | D:5      | Reached XP level 8. HP: 41/70 MP: 7/7
  4042 | D:5      | Noticed Ijyb
  4060 | D:5      | Killed Ijyb
  4404 | D:5      | Found a shattered altar of Ashenzari.
  4540 | D:6      | Found a staircase to the Ecumenical Temple.
  4633 | D:6      | Reached skill level 5 in Dodging
  4714 | D:6      | Found a glowing drain.
  4742 | Sewer    | Entered a sewer
  5590 | D:6      | Reached XP level 9. HP: 79/79 MP: 8/8
  5655 | D:6      | Noticed Pikel
  5670 | D:6      | Killed Pikel
  5795 | D:6      | Noticed Sigmund
  5804 | D:6      | Killed Sigmund
  6172 | Temple   | Entered the Ecumenical Temple
  6336 | Temple   | Became a worshipper of Cheibriados the Contemplative
  6711 | D:7      | Noticed Duvessa
  6711 | D:7      | Noticed Dowan
  6736 | D:8      | Killed Dowan
  6746 | D:8      | Killed Duvessa
  6810 | D:7      | Reached skill level 1 in Invocations
  7103 | D:7      | Reached skill level 1 in Axes
  7131 | D:7      | Reached * piety under Cheibriados
  7198 | D:7      | Noticed Joseph
  7214 | D:7      | Killed Joseph
  7214 | D:7      | Reached XP level 10. HP: 62/90 MP: 10/10
  7764 | D:8      | Reached ** piety under Cheibriados
  7932 | D:8      | Noticed Maurice
  7945 | D:8      | Killed Maurice
  7950 | D:8      | Got a transparent ring mail
  7960 | D:8      | Identified the +2 ring mail of Enoaleuw {rElec rN++} (You
                  | found it on level 8 of the Dungeon)
  8002 | D:8      | Found a sparkling altar of Nemelex Xobeh.
  8613 | D:9      | Reached *** piety under Cheibriados
  8714 | D:9      | Found Cam Ucum's General Store.
  8759 | D:9      | Noticed loom's ghost (novice GnSk)
  8761 | D:9      | Found a transporter.
  8808 | D:9      | Found a transporter.
  9091 | D:10     | Entered Level 10 of the Dungeon
  9095 | D:10     | Noticed a gargoyle
  9100 | D:10     | Killed a gargoyle
  9120 | D:9      | Noticed a four-headed hydra
  9126 | D:9      | Noticed a deep elf mage
  9131 | D:9      | Killed a deep elf mage
  9145 | D:9      | Killed a four-headed hydra
  9145 | D:9      | Reached XP level 11. HP: 31/99 MP: 13/13
  9471 | D:9      | Reached skill level 5 in Axes
  9508 | D:9      | Got an encrusted shortbow
  9521 | D:9      | Identified the cursed +1 shortbow of Yeast {venom, rPois
                  | rC+ rN+ SInv} (You found it on level 9 of the Dungeon)
  9578 | D:10     | Reached **** piety under Cheibriados
  9588 | D:10     | Noticed Josephine
  9594 | D:10     | Killed Josephine
  9608 | D:10     | Reached skill level 10 in Fighting
  9652 | D:10     | Reached skill level 10 in Armour
  9675 | D:10     | Reached skill level 10 in Shields
  9699 | D:10     | Found a staircase to the Lair.
  9717 | D:10     | Reached skill level 5 in Invocations
  9984 | D:10     | Found Ettudurunk's Antique Weapon Shoppe.
 10074 | D:10     | Found Dialae Peff's Distillery.
 10082 | D:10     | Bought a potion of curing for 39 gold pieces
 10082 | D:10     | Bought 2 potions of curing for 78 gold pieces
 10082 | D:10     | Bought a potion of invisibility for 104 gold pieces
 10082 | D:10     | Bought a potion of heal wounds for 65 gold pieces
 10103 | D:10     | Killed an unseen horror
 10215 | D:10     | Found Zyov's Magic Scroll Emporium.
 10244 | D:10     | Found Ucuoxod's Antique Armour Shop.
 10457 | D:10     | Found a staircase to the Orcish Mines.
 10543 | Lair:1   | Entered Level 1 of the Lair of Beasts
 10602 | Lair:1   | Noticed Nergalle
 10629 | Lair:1   | Killed Nergalle
 10629 | Lair:1   | Reached ***** piety under Cheibriados
 11838 | Lair:2   | Reached XP level 12. HP: 108/108 MP: 15/15
 11967 | Lair:2   | Found a staircase to the Swamp.
 11987 | Lair:2   | Found a frozen archway.
 12001 | IceCv    | Entered an ice cave
 12355 | IceCv    | Engulfed by a cloud of freezing vapour

Levels and vault maps discovered:
D:1:      denvon_arrival_waterhouse, layout_basic
D:2:      layout_basic
D:3:      layout_basic, eat_drink_and_be_merry_uskayaw, lemuel_doored_altar,
          first_ration
D:4:      layout_basic
D:5:      layout_cave_pools, cheibrodos_ashenzari_chains,
          chequers_ossuary_entry_cave, uniq_ijyb, uniq_prince_ribbit1
D:6:      layout_layer_cave, minmay_temple_entry_mist, portal_sewer_entry_c,
          uniq_pikel, uniq_sigmund
D:7:      layout_cave_pods, minmay_misc_feat_roman, uniq_joseph, uniq_duvessa
D:8:      layout_basic, lemuel_round_altar, uniq_maurice
D:9:      cheibrodos_elevator_heist, layout_irregular_city,
          gammafunk_ghost_hive, serial_shops, kennysheep_mini_moat,
          kennysheep_decorative_pillar, hangedman_little_slice_of_home
D:10:     layout_loops_cross, minmay_lair_entry_grove, orc_0_dummy,
          serial_shops, shop, shop, shop, kennysheep_little_box, minmay_holes,
          uniq_josephine
Temple:   dpeg_five_rooms_temple
Lair:1:   layout_cave_pods, uniq_nergalle
Lair:2:   beast_lair_carwin_large_4, layout_layer_cave,
          minmay_swamp_entry_swarm, portal_ice_cave_entry_pillars_1,
          cheibrodos_lair_lostbears
IceCv:    ice_cave_tombish

Skill      XL: |  1  2  3  4  5  6  7  8  9 10 11 12 |
---------------+-------------------------------------+-----
Dodging        | 1 2 3 4 5 6 8 |  8.0
Fighting       | 4 5 6 7 8 9 10 11 | 11.3
Maces & Flails | 3 4 5 6 7 8 9 |  9.5
Armour         | 4 5 6 7 8 9 10 11 | 11.3
Shields        | 4 5 6 7 8 9 10 11 | 11.2
Invocations    | 1 4 6 |  6.0
Axes           | 1 4 6 |  6.1

Action                   |  1- 3 |  4- 6 |  7- 9 | 10-12 || total
-------------------------+-------+-------+-------+-------++-------
Melee: Flail             |   118 |   228 |   393 |   161 ||   900
       Headbutt          |    23 |    44 |    71 |   150 ||   288
       War axe           |       |       |    30 |   293 ||   323
Evoke: Wand              |       |       |     5 |       ||     5
  Use: Scroll            |       |     3 |    16 |     5 ||    24
       Potion            |       |       |     8 |     2 ||    10
  Eat: Chunk             |     1 |     7 |     7 |     8 ||    23
       Ration            |       |       |     2 |     1 ||     3
Armor: Scale mail        |    53 |       |       |       ||    53
       Chain mail        |     9 |    98 |   160 |       ||   267
       Skin              |       |       |    56 |       ||    56
       Plate armour      |       |       |    50 |    31 ||    81
       Ring mail         |       |       |       |    89 ||    89
Dodge: Dodged            |    35 |    34 |   109 |   160 ||   338
Block: Kite shield       |    76 |    24 |       |       ||   100
       Tower shield      |       |   136 |   515 |   467 ||  1118

Table legend:
 A = Non-vault XP
 B = Vault XP
 C = Vault XP percentage of total XP
 D = Non-vault monster count
 E = Vault monster count
 F = Vault count percentage of total count
                 A         B        C        D         E       F
            +---------+---------+-------+---------+---------+-------
      Total |   12466 |   14390 |  53.6 |     249 |     127 |  33.8
            +---------+---------+-------+---------+---------+-------
        D:1 |      54 |       0 |   0.0 |      28 |       0 |   0.0
        D:2 |      60 |       0 |   0.0 |      16 |       0 |   0.0
        D:3 |     192 |       0 |   0.0 |      22 |       0 |   0.0
        D:4 |     245 |       0 |   0.0 |      21 |       0 |   0.0
        D:5 |     749 |     319 |  29.9 |      23 |       2 |   8.0
        D:6 |    1012 |     906 |  47.2 |      24 |       6 |  20.0
        D:7 |    1099 |     481 |  30.4 |      21 |       1 |   4.5
        D:8 |    1399 |     660 |  32.1 |      30 |       3 |   9.1
        D:9 |    1490 |    2065 |  58.1 |      29 |      14 |  32.6
       D:10 |    2608 |    3952 |  60.2 |      18 |      17 |  48.6
     Lair:1 |    1860 |     796 |  30.0 |      10 |       1 |   9.1
     Lair:2 |    1698 |    3391 |  66.6 |       7 |      17 |  70.8
      Sewer |       0 |     373 | 100.0 |       0 |      48 | 100.0
    Ossuary |       0 |     358 | 100.0 |       0 |      15 | 100.0
      IceCv |       0 |    1089 | 100.0 |       0 |       3 | 100.0
            +---------+---------+-------+---------+---------+-------
